 Dungeon Crawl Stone Soup version 0.28.0-43-g3370ac3207 (webtiles) character file.

Game seed: 15682875818661109772

47 issech the Cudgeller (level 3, -1/36 HPs)
             Began as a Troll Monk on Mar 22, 2022.
             Slain by a gnoll
             ... wielding a +0 club
              (4 damage)
             ... on level 2 of the Dungeon.
             The game lasted 00:03:47 (1232 turns).

issech the Cudgeller (Troll Monk)                   Turns: 1232, Time: 00:03:48

Health: -1/36      AC:  4    Str: 19    XL:     3   Next: 48%
Magic:  2/2        EV: 10    Int:  6    God:
Gold:   44         SH:  0    Dex: 14    Spells: 2/2 levels left

rFire   . . .      SeeInvis .   a - +0 mace
rCold   . . .      Faith    .   (no shield)
rNeg    . . .      Spirit   .   b - +0 robe
rPois   .          Reflect  .   (helmet restricted)
rElec   .          Harm     .   c - scarf {shadows}
rCorr   .          Rampage  .   (gloves unavailable)
Will    .....                   (boots unavailable)
Stlth   ++........              (no amulet)
HPRegen 0.92/turn               (no ring)
MPRegen 0.08/turn               (no ring)

@: no status effects
A: large, unfitting armour, claws 3, regeneration 1, shaggy fur 1, tough skin 1
a: no special abilities


You were on level 2 of the Dungeon.
You visited 1 branch of the dungeon, and saw 2 of its levels.

You collected 44 gold pieces.

Inventory:

Hand Weapons
 a - a +0 mace (weapon)
Missiles
 d - 17 bolts
 e - 4 boomerangs (quivered)
 j - 14 arrows
Armour
 b - a +0 robe (worn)
 c - a scarf of shadows (worn)
Scrolls
 k - a scroll of identify {unknown}
 l - 2 scrolls of noise {unknown}
 m - a scroll of immolation {unknown}
Potions
 f - a potion of magic {unknown}
 g - 2 potions of might {unknown}
 h - a potion of curing {unknown}
 i - a potion of haste {unknown}


   Skills:
 + Level 2.7 Fighting
 + Level 3.3 Maces & Flails
 + Level 2.8 Dodging
 + Level 1.2 Stealth


You had 2 spell levels left.
You didn't know any spells.
Your spell library was empty.

Dungeon Overview and Level Annotations

Branches:
Dungeon (2/15)

Altars:

Shops:
D:1 [   D:2 ?


Innate Abilities, Weirdness & Mutations

You are too large for most types of armour.
You have claws for hands.
Your natural rate of healing is unusually fast.
You are covered in fur. (AC +1)
You have tough skin. (AC +1)


Message History

A gnoll comes into view. It is wielding a +0 club.
The gnoll shouts! x2
There is a stone staircase leading up here.
The gnoll closely misses you. The gnoll closely misses you.
You hit the gnoll but do no damage. The gnoll hits you but does no damage.
The gnoll barely misses you. The gnoll barely misses you.
The gnoll hits you from afar with a +0 spear.
You hit the gnoll.
The gnoll is heavily wounded.
The gnoll completely misses you. The gnoll hits you with a +0 whip.
You sock the gnoll!
The gnoll is heavily wounded.
The gnoll hits you with a +0 whip. The gnoll barely misses you.
You hit the gnoll but do no damage.
The gnoll is heavily wounded.
The gnoll hits you but does no damage. The gnoll hits you with a +0 club.
The gnoll misses you.
You hit the gnoll.
The gnoll is severely wounded.
The gnoll barely misses you. The gnoll closely misses you. x2
The gnoll hits you but does no damage. The gnoll hits you with a +0 club.
You closely miss the gnoll.
The gnoll is severely wounded.
The gnoll hits you from afar with a +0 spear.
The gnoll hits you with a +0 whip. The gnoll hits you with a +0 club.
The gnoll hits you from afar with a +0 spear.
* * * LOW HITPOINT WARNING * * *
You hit the gnoll but do no damage.
The gnoll is severely wounded.
The gnoll closely misses you. The gnoll barely misses you.
The gnoll hits you from afar with a +0 spear.
* * * LOW HITPOINT WARNING * * *
You hit the gnoll but do no damage.
The gnoll is severely wounded.
The gnoll hits you with a +0 whip.
* * * LOW HITPOINT WARNING * * *
The gnoll hits you with a +0 club.
You die...

.##.......#. ............
.#####.#.... .#####)##.##
........#... ## #####
#####...#### .. ..?# #...#
#.###.#### #...#
###....gg@.# #...####
....$##.##g## #.......
........##g.#######...#...
......
........##................
..∩.........#.#####...#.##
##.###..###.#.# #.......
## .#.###.#.# #.#.####


You could see 4 gnolls.

Vanquished Creatures
  An adder (D:2)
  2 dart slugs (D:2)
  2 endoplasms (D:2)
  5 goblins
  6 hobgoblins
  3 jackals (D:1)
  A quokka (D:1)
  4 bats
  4 frilled lizards
  3 kobolds
31 creatures vanquished.

Notes
Turn   | Place    | Note
-------+----------+-------------------------------------------
     0 | D:1      | issech the Troll Monk began the quest for the Orb.
     0 | D:1      | Reached XP level 1. HP: 22/22 MP: 0/0
   477 | D:1      | Reached XP level 2. HP: 29/29 MP: 1/1
   544 | D:1      | Reached skill level 3 in Maces & Flails
   868 | D:1      | Found Zaang's Armour Emporium.
  1057 | D:2      | Reached XP level 3. HP: 32/36 MP: 2/2
  1118 | D:2      | Identified the +6 scale mail of Diliasidgh {Str+4 Stlth+}
  1214 | D:2      | Found Itayfuic's Magic Scroll Shop.
  1232 | D:2      | Slain by a gnoll

Illustrated notes

Levels and vault maps discovered:
D:1:      dpeg_arrival_chambers_temple_mockup, layout_basic, serial_shops, shop,
          amcnicky_mini_pool_small, hangedman_glass_teeth,
          ebering_dispersal_statue_hall, hangedman_abyss_or_decor_stabs
D:2:      layout_loops_cross, shapermc_ecumenical_altar_pompeii, serial_shops,
          shop

Skill      XL: |  1  2 |
---------------+-------+-----
Maces & Flails | 3 |  3.3
Fighting       | |  2.7
Dodging        | |  2.8
Stealth        | |  1.2

Action                   || total
-------------------------++-------
Melee: Mace              ||    98
 Stab: Sleeping          ||     5
Armor: Robe              ||    58
Dodge: Dodged            ||    83
